AoeStats
← Tavik

Nomad

505027152Analyzed
4v4 RM · 24d ago on Sep 7, 2026· 40m 3s· 8 players
Game mode
Random Map
Map size
231×231
Population
200
Speed
Normal
Resources
Standard
Victory
Conquest
Starting age
Dark Age
Ending age
Imperial Age
RankedLock teamsTeams togetherTeam positionsShared explorationLock speedFull tech treeHidden civsTurbo modeCheats
Victory
Defeat
🇨🇱 Mongols · Chile
1522
+13
🇨🇳 Vietnamese · China
1474
+15
🇨🇿 Dravidians · Czechia
1389
+19
🇯🇵 Persians · Japan
1356
+21
🇨🇳 Spanish · China
1506
-19
🇨🇳 Aztecs · China
1456
-17
🇮🇸 Bulgarians · Iceland
1439
-16
🇹🇼 Persians · Taiwan
1433
-16
elephant
5:24 Loom
12:47 Feudal Age
13:38 Double-Bit Axe
19:25 Castle Age
20:03 Bow Saw
20:30 Scale Barding Armor
20:44 Horse Collar
21:31 Town Watch
23:25 Chain Barding Armor
26:29 Wheelbarrow
26:40 Bloodlines
27:51 Forging
27:51 Heavy Plow
27:55 Husbandry
31:24 Iron Casting
34:01 Elite Skirmisher
35:40 Fletching
35:56 Gold Mining
36:09 Padded Archer Armor
37:17 Stone Mining
40:29 Ballistics
Das-Auto
3:28 Loom
13:39 Feudal Age
18:12 Castle Age
17:25 Wheelbarrow
17:10 Stone Mining
17:29 Double-Bit Axe
19:32 Fletching
19:25 Horse Collar
20:16 Bodkin Arrow
22:02 Gold Mining
26:17 Ballistics
27:21 Scale Barding Armor
30:44 Gold Shaft Mining
30:56 Forging
32:01 Chain Barding Armor
32:25 Bloodlines
32:15 Husbandry
34:28 Stirrups
38:02 Imperial Age
36:25 Heavy Plow
37:22 Iron Casting
37:06 Masonry
37:57 Hand Cart
39:19 Plate Barding Armor
39:35 Elite Konnik
Ren
4:56 Loom
13:48 Feudal Age
17:44 Castle Age
16:19 Double-Bit Axe
16:40 Gold Mining
17:27 Horse Collar
18:32 Fletching
18:53 Bow Saw
25:31 Medium Warships
28:49 Padded Archer Armor
30:22 Wheelbarrow
30:25 Careening
30:27 Clinker Construction
31:26 Town Watch
37:25 Imperial Age
35:00 Husbandry
36:10 Hand Cart
36:45 Bloodlines
37:44 Scale Barding Armor
38:23 Forging
38:58 Chain Barding Armor
39:59 Plate Barding Armor
2067
4:57 Loom
14:56 Feudal Age
16:07 Double-Bit Axe
21:14 Castle Age
19:07 Fishing Lines
19:30 Horse Collar
20:11 Town Watch
22:32 Bow Saw
23:37 Wheelbarrow
23:08 Heavy Plow
23:55 Gold Mining
24:29 Sanctity
24:47 Devotion
27:09 Fervor
31:51 Fletching
32:32 Redemption
40:14 Imperial Age
37:13 Elite Skirmisher
38:05 Stone Mining
38:44 Squires
38:46 Scale Mail Armor
39:34 Ballistics
38:48 Eagle Warrior
39:41 Forging
39:41 Padded Archer Armor
40:29 Chain Mail Armor
Keishi
8:37 Loom
13:40 Feudal Age
15:10 Double-Bit Axe
16:19 Gold Mining
21:49 Castle Age
19:44 Fletching
20:24 Stone Mining
20:16 Horse Collar
22:56 Bow Saw
22:33 Town Watch
27:31 Medium Warships
27:11 Light Cavalry
29:49 Husbandry
31:32 Bloodlines
34:29 Scale Barding Armor
35:15 Forging
36:05 Gold Shaft Mining
36:05 Stone Shaft Mining
37:41 Bodkin Arrow
41:02 Wheelbarrow
Tyrant
8:51 Loom
11:44 Feudal Age
12:27 Double-Bit Axe
21:18 Castle Age
20:23 Gold Mining
22:09 Fletching
22:24 Horse Collar
25:26 Bow Saw
26:29 Husbandry
27:17 Bodkin Arrow
28:27 Bloodlines
30:30 Ballistics
37:15 Imperial Age
36:29 Wheelbarrow
36:52 Thumb Ring
37:46 Padded Archer Armor
40:05 Bracer
41:07 Chemistry
39:54 Capped Ram
Tavik
4:54 Loom
13:13 Feudal Age
13:58 Double-Bit Axe
14:40 Fletching
22:30 Castle Age
23:26 Medium Warships
22:57 Fishing Lines
23:29 Bodkin Arrow
23:57 Horse Collar
24:29 Bow Saw
25:48 Heavy Plow
30:27 Crossbowman
31:42 Thumb Ring
32:57 Wheelbarrow
32:07 Town Watch
34:44 Ballistics
34:53 Pikeman
35:33 Squires
39:35 Imperial Age
40:44 Wootz Steel
enzoyin68
14:40 Feudal Age
15:22 Double-Bit Axe
18:17 Castle Age
16:30 Stone Mining
16:35 Gold Mining
16:29 Horse Collar
16:42 Fishing Lines
19:11 Bow Saw
19:05 Heavy Plow
18:55 Loom
19:46 Wheelbarrow
20:08 Gillnets
20:39 Fletching
22:56 Bodkin Arrow
24:47 Ballistics
25:01 Padded Archer Armor
29:48 Murder Holes
30:01 Thumb Ring
31:07 Stone Shaft Mining
34:02 Imperial Age
35:02 Bracer
37:44 Chemistry
37:01 Leather Archer Armor
38:11 Two-Man Saw
38:36 Ring Archer Armor
38:32 Scale Mail Armor
38:43 Forging
39:08 Chatras
39:16 Scale Barding Armor
40:37 Husbandry
40:48 Bloodlines
41:15 Iron Casting
Connection lost

Rejoining the realm…

Still unreachable

The connection could not be restored.

Session expired

The server has moved on; the page needs a fresh start.